 Dungeon Crawl Stone Soup version 0.17.1-2-g5865329 (webtiles) character file.

46380 Miyamura the Frost Mage (level 14, 0/132 HPs)
             Began as a Human Ice Elementalist on Feb 5, 2016.
             Was a Priest of Ashenzari.
             Killed from afar by a frost giant (72 damage)
             ... with an exploding inner flame
             ... hexed by the player character
             ... in an ice cave on Feb 6, 2016.
             The game lasted 02:19:00 (29617 turns).

Miyamura the Frost Mage (Human Ice Elementalist)   Turns: 29617, Time: 02:19:01

Health: 0/132      AC:  7    Str: 10    XL:     14   Next: 76%
Magic:  7/27       EV: 25    Int: 19    God:    Ashenzari [***...]
Gold:   862        SH:  8    Dex: 25    Spells: 8 memorised, 7 levels left

rFire  x . .     SeeInvis +       - Unarmed
rCold  + + +     Clarity  +     (armour currently unavailable)
rNeg   . . .     SustAt   .     (shield currently unavailable)
rPois  +         Gourm    .     (helmet currently unavailable)
rElec  .         Spirit   .     (cloak currently unavailable)
rCorr  .         Warding  .     (gloves currently unavailable)
rMut   .         Stasis   .     (boots currently unavailable)
MR     +....                    s - amulet of clarity
Stlth  ++++......               y - ring of wizardry
                                e - +6 ring of dexterity (curse)

@: agile, ice-form (expiring), icy shield, somewhat resistant to hostile
enchantments, stealthy
A: no striking features
a: End Transformation, Scrying, Renounce Religion


You were in an ice cave.
You worshipped Ashenzari.
Ashenzari was most pleased with you.
You were full.
You were a creature of crystalline ice.
You visited 3 branches of the dungeon, and saw 18 of its levels.
You also visited: Labyrinth and Ice Cave.

You collected 862 gold pieces.

Inventory:

Hand Weapons
 D - a cursed +5 flail of protection (melded)
Missiles
 q - 6 throwing nets (quivered)
 S - 6 needles of sleeping
Armour
 n - a +2 pair of boots (melded)
 o - a +2 cloak (melded)
 r - a cursed +2 pair of gloves (melded)
 t - a +2 robe of magic resistance (melded)
 N - a +2 helmet (melded)
Jewellery
 e - a cursed +6 ring of dexterity (left front paw)
 s - an amulet of clarity (around neck)
 v - an uncursed ring of invisibility
 y - a ring of wizardry (right front paw)
 G - an uncursed ring of protection from cold
 R - an uncursed ring of fire
 T - an uncursed ring of flight
 X - a cursed ring of teleportation
Wands
 h - a wand of disintegration (16)
 j - a wand of teleportation (4)
 k - a wand of random effects (24)
 x - a wand of flame (27)
 z - a wand of enslavement (14)
 I - a wand of fireball (6)
 L - a wand of slowing (3)
 M - a wand of cold (3)
 Q - a wand of confusion (11)
 Y - a wand of magic darts (20)
 Z - a wand of slowing (24)
Scrolls
 f - a scroll of recharging
 i - 3 scrolls of amnesia
 l - a scroll of enchant armour
 w - 2 scrolls of magic mapping
 E - a scroll of blinking
 J - 5 scrolls of teleportation
 U - a scroll of fear
 W - a scroll of curse jewellery
Potions
 d - 2 potions of ambrosia
 A - 4 potions of curing
 C - 2 potions of heal wounds
 K - 2 potions of might
 O - a potion of magic
 V - 6 potions of lignification
Books
 a - a book of Alchemy

   Spells                             Type                      Level
   a - Sublimation of Blood           Necromancy                   2
   b - Ignite Poison                  Fire/Transmutation/Poison    3
   c - Alistair's Intoxication        Transmutation/Poison         4
   d - Condensation Shield            Ice                          4
   e - Petrify                        Transmutation/Earth          4
   f - Irradiate                      Conjuration/Transmutation    5
 b - a book of Frost

   Spells                             Type                      Level
   a - Freeze                         Ice                          1
   b - Throw Frost                    Conjuration/Ice              2
   c - Ozocubu's Armour               Charms/Ice                   3
   d - Throw Icicle                   Conjuration/Ice              4
   e - Summon Ice Beast               Ice/Summoning                4
   f - Condensation Shield            Ice                          4
 p - a book of Changes

   Spells                             Type                      Level
   a - Beastly Appendage              Transmutation                1
   b - Sticks to Snakes               Transmutation                2
   c - Spider Form                    Transmutation/Poison         3
   d - Ice Form                       Ice/Transmutation            4
   e - Blade Hands                    Transmutation                5
 F - a Young Poisoner's Handbook

   Spells                             Type                      Level
   a - Sting                          Conjuration/Poison           1
   b - Cure Poison                    Poison                       2
   c - Mephitic Cloud                 Conjuration/Poison/Air       3
   d - Olgreb's Toxic Radiance        Poison                       4
   e - Venom Bolt                     Conjuration/Poison           5
Miscellaneous
 P - a stone of tremors (inert)
Comestibles
 c - 11 bread rations
 u - 7 meat rations
 H - 22 fruits


   Skills:
 - Level 10.1 Fighting
 - Level 7.5(10.4) Maces & Flails
 - Level 1.5 Throwing
 - Level 10.2 Dodging
 - Level 4.0 Stealth
 + Level 6.9 Unarmed Combat
 - Level 9.7 Spellcasting
 - Level 1.0 Conjurations
 - Level 1.6 Charms
 - Level 6.0 Summonings
 - Level 10.7 Ice Magic
 - Level 7.1 Evocations


You had 7 spell levels left.
You knew the following spells:

 Your Spells              Type           Power        Failure   Level  Hunger
a - Ozocubu's Armour      Chrm/Ice       ####....     1%          3    None
b - Summon Ice Beast      Ice/Summ       #####...     1%          4    ###....
c - Condensation Shield   Ice            ######....   1%          4    ###....
f - Freeze                Ice            ####         1%          1    None
m - Mephitic Cloud        Conj/Pois/Air  ##......     9%          3    None
t - Throw Icicle          Conj/Ice       ####....     4%          4    ###....
C - Cure Poison           Pois           #.........   6%          2    None
F - Ice Form              Ice/Trmt       ####....     4%          4    ###....


Dungeon Overview and Level Annotations

Branches:
Dungeon (10/15)            Temple (1/1) D:7            Lair (7/8) D:9
  Swamp (0/4) Lair:4       Spider (0/4) Lair:3        Slime (0/6) Lair:6
    Orc: D:9-12

Altars:
Ashenzari
Cheibriados
Dithmenos
Elyvilon
Fedhas
Gozag
Kikubaaqudgha
Makhleb
Nemelex Xobeh
Okawaru
Qazlal
Ru
Sif Muna
Trog
Vehumet
Xom
Yredelemnul
Zin
The Shining One

Annotations:
D:10 exclusion: Gastronok, Erolcha, Gastronok


Message History

What do you say? t - Shout!
Orders for allies: a - Attack new target. p - Attack previous target. r - Retreat! s - Stop attacking. w - Wait here. f - Follow me.
Anything else - Stay silent.
Gang up on whom?
Press: ? - help, Dir - move target cursor, f/p - frost giant
Aim: a frost giant, wielding a battleaxe of freezing and wearing a blackened bronze ring (almost dead, inner flame) Attack!
Your earth elemental disappears in a puff of smoke!
Your icy armour evaporates.
Your earth elemental hits the frost giant!!
The frost giant explodes!
The fiery explosion engulfs your earth elemental.
Your earth elemental completely resists.
Your earth elemental is almost destroyed.
The fiery explosion engulfs you! The fire burns you terribly!
Ouch! That really hurt!
You die...

### ######## ########
.≈######÷.....## ##......##
##≈≈##.÷##.....####..###...##
###≈≈≈######....#...###..⌠..#
####≈≈≈# ≈####...### ##.†.##
.##≈≈≈≈≈≈≈##)/####### #..###
##≈≈≈≈≈≈≈##.#.#.....####..#
##≈≈≈≈≈≈≈≈≈≈.#.#.....#..###
.#≈≈≈≈≈≈≈≈...#§§Y#.##.###
.##≈≈≈≈≈≈##..§#E##..###
..##≈≈≈###..Y####*#.#
####≈≈≈##....###, .# #
≈≈≈......#..#, .# #
≈≈≈≈###..E{### # #≈ ≈≈≈
#.#..E...# ≈≈ #.........#
*####......#


You could see a friendly earth elemental.

Vanquished Creatures
  Nessos (Lair:5)
  The ghost of Juudaz the Unseen, a journeyman DsBe of Trog (Lair:5)
  3 hydras
  Harold (Lair:4)
  The ghost of kraktruk the Destroyer, a journeyman DsCj of Vehumet (IceCv)
  A catoblepas (Lair:5)
  2 death yaks (Lair:4)
  An unseen horror (D:10)
  2 manticores (Lair:6)
  7 elephants
  A griffon (Lair:5)
  2 black mambas
  An ice statue (IceCv)
  7 spiny frogs
  A torpor snail (Lair:7)
  4 komodo dragons (Lair:6)
  12 polar bears (IceCv)
  5 fire drakes
  Grinder (D:5)
  13 blink frogs
  2 redbacks (Lair:3)
  37 yaks
  5 wyverns
  7 hippogriffs
  6 basilisks
  A hungry ghost (D:8)
  26 wolves
  A steam dragon (Lair:4)
  2 hell hounds
  2 ice beasts (D:6)
  A wasp (D:7)
  6 water moccasins
  2 phantoms (D:10)
  2 sky beasts
  6 porcupines
  5 centaurs
  An ogre (D:8)
  2 big kobolds (D:8)
  5 crocodiles
  11 giant frogs
  4 scorpions
  A wyvern skeleton (D:6)
  2 wights (D:7)
  4 killer bees (D:6)
  6 electric eels
  2 giant frog zombies (D:6)
  7 orc priests
  5 crimson imps
  A wasp zombie (D:8)
  5 hounds
  6 orc wizards
  4 giant frog skeletons
  Terence (D:3)
  2 centaur skeletons (D:7)
  11 iguanas
  11 worker ants
  A human skeleton (D:5)
  A statue (D:9)
  4 sheep (Lair:7)
  A hound zombie (D:7)
  5 gnolls
  12 adders
  50 river rats
  A shadow imp (D:7)
  7 white imps (Lair:7)
  2 oozes
  An adder skeleton (D:6)
  A worm (D:3)
  33 orcs
  12 giant cockroaches
  8 goblins
  10 hobgoblins
  6 kobolds
  4 quokkas
  3 ball pythons
  11 bats
  6 giant geckos
  A giant gecko skeleton (D:7)
  5 giant newts
  4 jackals (D:7)
  A jackal skeleton (D:4)
  3 quokka skeletons
  11 rats
473 creatures vanquished.

Vanquished Creatures (collateral kills)
  Snorg (Lair:6)
  4 hydras
  6 death yaks
  Nergalle (Lair:1)
  An elephant (Lair:1)
  Joseph (D:7)
  2 spiny frogs
  An efreet (D:8)
  A jumping spider (Lair:3)
  A komodo dragon (Lair:6)
  3 polar bears (IceCv)
  9 blink frogs
  2 basilisks (Lair:6)
  9 yaks
  2 wyverns
  4 wolves
  Edmund (D:5)
  A hell hound (Lair:6)
  4 water moccasins
  An orc warrior (Temple)
  A black bear (D:6)
  A swamp drake (Lair:4)
  2 necrophages
  4 crocodiles
  2 giant frogs (Lair:5)
  A big kobold (D:8)
  A gnoll sergeant (D:8)
  A crimson imp (D:6)
  A wight (D:8)
  A giant frog zombie (D:8)
  A jelly (D:6)
  An orc wizard (D:8)
  An orc priest (D:8)
  3 iguanas
  5 sheep
  2 gnolls (D:5)
  3 river rats (Lair:6)
  5 white imps (Lair:7)
  An orc (D:8)
  A quokka (D:5)
93 creatures vanquished.

Vanquished Creatures (others)
  2 polar bears (IceCv)
  3 wolves (IceCv)
  A jelly (D:5)
  A centaur skeleton (D:5)
  A worker ant (D:8)
  A jackal skeleton (D:8)
  2 bushes
  17 fungi
  33 plants
61 creatures vanquished.

Grand Total: 627 creatures vanquished

Notes
Turn   | Place    | Note
--------------------------------------------------------------
     0 | D:1      | Miyamura the Human Ice Elementalist began the quest for the Orb.
     0 | D:1      | Reached XP level 1. HP: 13/13 MP: 3/3
   254 | D:1      | Reached XP level 2. HP: 15/20 MP: 0/5
   339 | D:1      | Learned a level 2 spell: Throw Frost
  1057 | D:1      | Reached XP level 3. HP: 22/25 MP: 3/6
  1065 | D:1      | Learned a level 3 spell: Ozocubu's Armour
  1743 | D:2      | Found a faded altar to an unknown god.
  2052 | D:2      | Reached skill level 1 in Throwing
  2441 | D:3      | Reached skill level 1 in Charms
  2441 | D:3      | Reached XP level 4. HP: 31/31 MP: 4/7
  2445 | D:3      | Noticed Terence
  2660 | D:3      | Reached skill level 1 in Fighting
  2673 | D:3      | Found a deep blue altar of Sif Muna.
  3195 | D:3      | Reached XP level 5. HP: 37/37 MP: 1/8
  3713 | D:3      | Killed Terence
  3892 | D:1      | Reached XP level 6. HP: 32/44 MP: 1/10
  4073 | D:1      | Learned a level 4 spell: Summon Ice Beast
  4676 | D:4      | Reached skill level 1 in Summonings
  5079 | D:5      | Entered Level 5 of the Dungeon
  5079 | D:5      | Noticed Edmund
  5280 | D:5      | Noticed Grinder
  5338 | D:5      | Reached skill level 4 in Ice Magic
  5338 | D:5      | Reached XP level 7. HP: 35/51 MP: 1/11
  5471 | D:5      | Noticed a sky beast
  5621 | D:5      | Found an ancient bone altar of Kikubaaqudgha.
  5621 | D:5      | Found a bloodstained altar of Trog.
  5702 | D:5      | Killed a sky beast
  5816 | D:5      | Found a runed door.
  5816 | D:5      | Noticed a human
  5823 | D:5      | Found a basalt altar of Yredelemnul.
  6160 | D:5      | Found a sacrificial altar of Ru.
  6267 | D:5      | Killed Grinder
  6267 | D:5      | Reached XP level 8. HP: 51/58 MP: 2/13
  6447 | D:5      | Killed Edmund
  6577 | D:6      | Found a stormy altar of Qazlal.
  7077 | D:6      | Reached skill level 5 in Ice Magic
  7125 | D:6      | Found a runed door.
  7128 | D:6      | Found a runed door.
  7384 | D:6      | Reached XP level 9. HP: 41/65 MP: 11/15
  8011 | D:6      | Found a snail-covered altar of Cheibriados.
  8418 | D:7      | Reached skill level 5 in Dodging
  8708 | D:7      | Found a staircase to the Ecumenical Temple.
  8715 | Temple   | Entered the Ecumenical Temple
  9053 | Temple   | Reached skill level 5 in Fighting
  9383 | D:7      | Reached skill level 6 in Ice Magic
  9400 | D:7      | Noticed Joseph
  9410 | D:7      | Killed Joseph
  9410 | D:7      | Reached skill level 5 in Spellcasting
  9509 | D:7      | Found a snail-covered altar of Cheibriados.
  9880 | D:7      | Found a shattered altar of Ashenzari.
  9880 | D:7      | Found a burning altar of Makhleb.
  9883 | D:7      | Became a worshipper of Ashenzari the Shackled
  9951 | D:7      | Found a shimmering altar of Xom.
 10215 | D:8      | Noticed an efreet
 10514 | D:8      | Reached XP level 10. HP: 74/74 MP: 13/18
 10552 | D:8      | Reached skill level 5 in Summonings
 10780 | D:8      | Killed an efreet
 11274 | D:8      | Gained mutation: Your mind is acute. (Int +2) [potion of mutation]
 11274 | D:8      | Gained mutation: You have a pair of small antennae on your head. [potion of mutation]
 11274 | D:8      | Gained mutation: You are clumsy. (Dex -2) [potion of mutation]
 11275 | D:8      | Gained mutation: You can spit weak poison. [potion of mutation]
 11275 | D:8      | Gained mutation: Your magical capacity is low (-10% MP). [potion of mutation]
 11275 | D:8      | Gained mutation: You are partially covered in rough black scales (AC +4, Dex -1). [potion of mutation]
 11276 | D:8      | Lost mutation: You can spit weak poison. [potion of cure mutation]
 11276 | D:8      | Lost mutation: You are clumsy. (Dex -2) [potion of cure mutation]
 11276 | D:8      | Lost mutation: Your magical capacity is low (-10% MP). [potion of cure mutation]
 11276 | D:8      | Lost mutation: You are partially covered in rough black scales (AC +4, Dex -1). [potion of cure mutation]
 11276 | D:8      | Lost mutation: Your mind is acute. (Int +2) [potion of cure mutation]
 11276 | D:8      | Lost mutation: You have a pair of small antennae on your head. [potion of cure mutation]
 11419 | D:8      | Learned a level 2 spell: Cure Poison
 11423 | D:8      | Learned a level 3 spell: Mephitic Cloud
 11428 | D:8      | Learned a level 4 spell: Throw Icicle
 11567 | D:8      | Reached skill level 7 in Ice Magic
 11663 | D:8      | Noticed a two-headed hydra
 11688 | D:8      | Killed a two-headed hydra
 12308 | D:9      | Reached skill level 1 in Maces & Flails
 12318 | D:9      | Found a staircase to the Lair.
 12435 | D:9      | Found a radiant altar of Vehumet.
 12462 | D:9      | Found a shadowy altar of Dithmenos.
 12549 | D:9      | Reached XP level 11. HP: 83/83 MP: 20/20
 12595 | D:9      | Found a glowing golden altar of the Shining One.
 12603 | D:9      | Found a radiant altar of Vehumet.
 13005 | D:10     | Entered Level 10 of the Dungeon
 13087 | D:10     | Learned a level 4 spell: Condensation Shield
 13198 | D:10     | Noticed Gastronok
 13268 | D:10     | Reached * piety under Ashenzari
 13272 | D:10     | Reached skill level 1 in Evocations
 13821 | D:10     | Killed an unseen horror
 13821 | D:10     | Reached skill level 8 in Ice Magic
 14023 | D:10     | Noticed Erolcha
 14094 | Lair:1   | Entered Level 1 of the Lair of Beasts
 14265 | Lair:1   | Noticed Nergalle
 14380 | Lair:1   | Noticed a spectral orc warlord
 14488 | Lair:1   | Killed Nergalle
 15452 | Lair:2   | Found a labyrinth entrance.
 15463 | Lab      | Entered a labyrinth
 16044 | Lab      | Noticed a minotaur
 16045 | Lab      | Identified the ring of Vonefire {+/*Tele Str+7}
 17061 | Lair:2   | Noticed a seven-headed hydra
 17635 | Lair:2   | Reached XP level 12. HP: 88/92 MP: 9/23
 17769 | Lair:2   | Noticed an eight-headed hydra
 17786 | Lair:2   | Killed an eight-headed hydra
 18107 | Lair:2   | Killed a seven-headed hydra
 19052 | Lair:3   | Reached ** piety under Ashenzari
 19169 | Lair:3   | Reached skill level 9 in Ice Magic
 19292 | Lair:3   | Reached skill level 5 in Maces & Flails
 19670 | Lair:3   | Found a hole to the Spider Nest.
 20602 | Lair:4   | Found a staircase to the Swamp.
 20712 | Lair:4   | Noticed Harold
 20757 | Lair:4   | Killed Harold
 20757 | Lair:4   | Reached skill level 5 in Evocations
 20768 | Lair:4   | Noticed a six-headed hydra
 20943 | Lair:3   | Reached XP level 13. HP: 91/100 MP: 16/25
 21282 | Lair:4   | Noticed a six-headed hydra
 21290 | Lair:4   | Killed a six-headed hydra
 21297 | Lair:4   | Killed a six-headed hydra
 21458 | Lair:4   | Noticed a death yak
 21462 | Lair:4   | Noticed a death yak
 21482 | Lair:4   | Killed a death yak
 21539 | Lair:4   | Noticed a death yak
 21816 | Lair:4   | Noticed a death yak
 21820 | Lair:4   | Noticed a death yak
 21832 | Lair:4   | Killed a death yak
 21834 | Lair:4   | Noticed a death yak
 21916 | Lair:3   | Killed a death yak
 22047 | Lair:4   | Killed a death yak
 22053 | Lair:4   | Killed a death yak
 22059 | Lair:4   | Killed a death yak
 22392 | Lair:4   | Got the uncursed leather armour of Xaoved {Str+3 Int+3}
 22403 | Lair:4   | Identified the +1 leather armour of Xaoved {Str+3 Int+3} (You found it on level 4 of the Lair of Beasts)
 23082 | Lair:5   | Noticed Juudaz's ghost (journeyman DsBe)
 23100 | Lair:5   | Killed Juudaz's ghost
 23189 | Lair:5   | Noticed Nessos
 23437 | Lair:5   | Reached skill level 10 in Ice Magic
 23952 | Lair:6   | Reached *** piety under Ashenzari
 23963 | Lair:6   | Found a staircase to the Slime Pits.
 24017 | Lair:6   | Noticed Snorg
 24028 | Lair:6   | Killed Snorg
 25123 | Lair:6   | Reached XP level 14. HP: 87/109 MP: 4/27
 25270 | Lair:5   | Killed Nessos
 25433 | Lair:5   | Reached skill level 10 in Dodging
 25711 | Lair:6   | Reached skill level 10 in Fighting
 26667 | Lair:7   | Found a frozen archway.
 26719 | Lair:7   | Learned a level 4 spell: Ice Form
 26726 | IceCv    | Entered an ice cave
 26733 | IceCv    | Reached skill level 1 in Unarmed Combat
 28067 | IceCv    | Reached skill level 5 in Unarmed Combat
 28235 | IceCv    | Noticed kraktruk's ghost (journeyman DsCj)
 28293 | IceCv    | Killed kraktruk's ghost
 28993 | IceCv    | Noticed a frost giant
 29617 | IceCv    | Killed a frost giant
 29617 | IceCv    | Killed from afar by a frost giant

Action                   |  1- 3 |  4- 6 |  7- 9 | 10-12 | 13-15 || total
-------------------------+-------+-------+-------+-------+-------++-------
Melee: Unarmed           |     4 |       |       |       |    65 ||    69
       Dagger            |       |    54 |    20 |       |       ||    74
       War axe           |       |     6 |    16 |       |       ||    22
       Flail             |       |       |   228 |   740 |   897 ||  1865
 Fire: Hunting sling     |    31 |    89 |     6 |       |       ||   126
 Cast: Freeze            |    48 |    48 |    89 |   117 |    17 ||   319
       Throw Frost       |     2 |     9 |    13 |     5 |       ||    29
       Ozocubu's Armour  |     1 |    10 |    32 |    68 |    60 ||   171
       Summon Ice Beast  |       |       |    27 |    63 |    93 ||   183
       Mephitic Cloud    |       |       |       |    26 |     5 ||    31
       Throw Icicle      |       |       |       |     7 |    17 ||    24
       Condensation Shie |       |       |       |    54 |    62 ||   116
       Ice Form          |       |       |       |       |     7 ||     7
 Abil: Evoke Invisibilit |       |       |       |     2 |       ||     2
Evoke: Wand              |       |       |     5 |    15 |     9 ||    29
       Stone of tremors  |       |       |       |       |     2 ||     2
  Use: Scroll            |     4 |     5 |     4 |    16 |     7 ||    36
       Potion            |       |     1 |     2 |     5 |     5 ||    13
 Stab: Distracted        |       |       |     3 |     6 |     9 ||    18
       Sleeping          |       |       |     2 |     7 |     1 ||    10
       Confused          |       |       |       |    27 |     8 ||    35
       Paralysed         |       |       |       |    10 |       ||    10
  Eat: Chunk             |     5 |     6 |    17 |    37 |    24 ||    89
       Beef jerky        |       |     1 |       |     1 |     1 ||     3
       Bread ration      |       |     1 |       |       |       ||     1
       Meat ration       |       |       |     1 |     1 |     4 ||     6
       Royal jelly       |       |       |     1 |       |       ||     1
       Pizza             |       |       |       |     7 |     1 ||     8
       Fruit             |       |       |       |       |     2 ||     2
